 Dungeon Crawl Stone Soup version 0.31-a0-876-gfe8ebadbca (webtiles) character file.

Game seed: 398091560020048174

902 pokeman the Thaumaturge (level 7, -2/40 HPs)
             Began as a Deep Elf Hedge Wizard on Oct 13, 2023.
             Was an Initiate of Vehumet.
             Slain by a gnoll
             ... wielding a +0 flail
             ... led by a gnoll sergeant
              (4 damage)
             ... on level 5 of the Dungeon.
             The game lasted 00:10:32 (4205 turns).

pokeman the Thaumaturge (Deep Elf Hedge Wizard)     Turns: 4205, Time: 00:10:33

Health: -2/40      AC:  7    Str:  7    XL:     7   Next: 80%
Magic:  7/21       EV: 12    Int: 21    God:    Vehumet [......]
Gold:   37         SH:  0    Dex: 14    Spells: 16/24 levels left

rFire   + . .        p - +4 flail
rCold   + + .        (no shield)
rNeg    . . .        B - +3 leather armour {rC+}
rPois   .            c - +0 hat
rElec   .            v - scarf {rC+ rF+}
rCorr   .            g - +0 pair of gloves
SInv    .            (no boots)
Will    .....        (no amulet)
Stlth   ++           f - ring of wizardry
HPRegen 0.26/turn    (no ring)
MPRegen 0.17/turn

%: wizardry (x1)
@: no status effects
A: no striking features
a: Renounce Religion


You were on level 5 of the Dungeon.
You worshipped Vehumet.
Vehumet was noncommittal.
You visited 2 branches of the dungeon, and saw 6 of its levels.

You collected 219 gold pieces.
You spent 182 gold pieces at shops.

Inventory:

Hand Weapons
 p - a +4 flail (weapon)
 E - a +0 halberd
Missiles
 A - a throwing net
Armour
 a - the +2 robe "Paurphudo" {*Slow rElec Regen+ Slay+2}
   (You found it on level 2 of the Dungeon)

   Slay+2:    It affects your accuracy & damage with ranged weapons and melee
   (+2).
   rElec:     It insulates you from electricity.
   Regen+:    It increases your rate of health regeneration.
   *Slow:     It may slow you when you take damage.
 c - a +0 hat (worn)
 g - a +0 pair of gloves (worn)
 t - a +1 leather armour of willpower
 v - a scarf of resistance (worn)
 B - a +3 leather armour of cold resistance (worn)
Magical Staves
 C - a staff of cold
Jewellery
 f - a ring of wizardry (left hand)
 y - a +4 ring of protection
Scrolls
 b - a scroll of enchant armour {unknown}
 e - a scroll of fog {unknown}
 h - a scroll of silence {unknown}
 i - a scroll of teleportation {unknown}
 j - 2 scrolls of noise {unknown}
 m - 2 scrolls of vulnerability {unknown}
 s - a scroll of blinking {unknown}
 u - a scroll of poison {unknown}
 w - 2 scrolls of immolation {unknown}
 x - 2 scrolls of identify {unknown}
 D - a scroll of enchant weapon {unknown}
Potions
 d - a potion of magic
 k - a potion of invisibility {unknown}
 l - a potion of degeneration {unknown}
 n - a potion of lignification {unknown}
 o - 4 potions of curing
 q - 2 potions of cancellation {unknown}
 r - a potion of brilliance {unknown}
 z - 2 potions of heal wounds


   Skills:
 + Level 2.8 Fighting
 - Level 1.1 Armour
 - Level 3.0 Dodging
 - Level 3.0 Stealth
 * Level 9.1 Spellcasting
 + Level 4.6 Conjurations
 - Level 1.1 Summonings
 - Level 1.1 Translocations
 - Level 1.0 Air Magic
 - Level 1.1 Poison Magic


You had 16 spell levels left.
You knew the following spells:

 Your Spells              Type           Power      Damage    Failure   Level
a - Magic Dart            Conj           100%       1d8       1%          1
b - Mephitic Cloud        Conj/Pois/Air  18%        N/A       4%          3
c - Call Imp              Summ           28%        N/A       4%          2
d - Blink                 Tloc           28%        N/A       4%          2

Your spell library contained the following spells:

 Spells                   Type           Power      Damage    Failure   Level
 Apportation              Tloc           28%        N/A       2%          1
 Sting                    Tmut/Pois      44%        1d5       3%          1
 Slow                     Hex            36%        N/A       4%          1
 Cigotuvi's Dreadful Rot  Necr/Pois/Air  24%        N/A       4%          2
 Poisonous Vapours        Pois/Air       28%        N/A       4%          2
 Dazzling Flash           Conj/Hex       38%        N/A       4%          3
 Jinxbite                 Hex            18%        N/A       6%          2
 Olgreb's Toxic Radiance  Pois           14%        N/A       26%         4
 Alistair's Intoxication  Tmut/Pois      7%         N/A       65%         5
 Silence                  Hex/Air        5%         N/A       65%         5
 Agony                    Necr           9%         N/A       71%         5


Dungeon Overview and Level Annotations

Branches:
Dungeon (5/15)             Temple (1/1) D:5

Altars:
Ashenzari
Cheibriados
Elyvilon
Gozag
Kikubaaqudgha
Makhleb
Nemelex Xobeh
Okawaru
Ru
Sif Muna
Trog
Uskayaw
Vehumet
Wu Jian
Xom
Zin
The Shining One

Shops:
D:4 !


Message History

You are engulfed in noxious fumes.
You choke on the stench!
You are confused.
The gnoll is engulfed in noxious fumes.
The gnoll appears confused.
Unknown command.
Unknown command.
Unknown command.
You feel less confused.
The gnoll unwields a +0 shortbow.
The gnoll wields a +0 spear.
The gnoll hits the gnoll sergeant with a +0 spear.
Your magical contamination has completely faded away.
Casting: Mephitic Cloud (dangerous; 4% risk of failure)
Confirm with . or Enter, or press ? or * to list all spells.
Aiming: Mephitic Cloud (dangerous; 4% risk of failure)
Press: ? - help, Shift-Dir - straight line, f - gnoll sergeant, p - gnoll
Aim: a gnoll sergeant, wielding a +0 spear and wearing a +0 scale mail (lightly wounded, chance to affect: 81%)
The ball explodes into a vile cloud!
The stinking cloud engulfs the gnoll sergeant but does no damage.
The gnoll sergeant is lightly wounded.
The gnoll sergeant is engulfed in noxious fumes.
The gnoll sergeant appears confused.
Unknown command.
The gnoll completely misses you.
Casting: Mephitic Cloud (dangerous; 4% risk of failure)
Confirm with . or Enter, or press ? or * to list all spells.
Aiming: Magic Dart (safe; 1% risk of failure)
Press: ? - help, Shift-Dir - straight line, f - gnoll, p - gnoll sergeant
Aim: a gnoll, wielding a +0 flail (severely wounded, confused, 100% to hit)
The magic dart hits the gnoll.
The gnoll is almost dead.
Unknown command.
You hit the gnoll but do no damage.
The gnoll is almost dead.
The gnoll hits you with a +0 flail!
* * * LOW HITPOINT WARNING * * *
You barely miss the gnoll.
The gnoll is almost dead.
The gnoll seems less confused. x2; The gnoll hits you with a +0 flail.
* * * LOW HITPOINT WARNING * * *
The gnoll hits you with a +0 flail.
You die...

#.# #.# #.# #.#
######.### #........####
#...........##
#..#.....@.).# ###
#.#..#...#g#...# ##.##
#.......#.#.#.†####.#.##
#.#..#.#.#.#.#.)[).###.#
..
#..#..#g>.#.)####.#.##
## .
#....#.#.#.#.#####)## #.
#...).#.#g#....##...##
#.
####...#.#...#.#.....##
#.
#.........#........###.


You could see a gnoll sergeant (confused) and 2 gnolls.

Vanquished Creatures
  Grinder (D:5)
  Duvessa (D:5)
  A gnoll sergeant (D:5)
  Dowan (D:5)
  A howler monkey (D:5)
  A hound (D:4)
  A jelly (D:4)
  An iguana (D:3)
  2 sleepcaps (D:4)
  Natasha (twice) (D:4)
  2 orc wizards (D:4)
  13 gnolls
  2 adders
  2 shadow imps
  A white imp (D:5)
  2 dart slugs
  3 orcs (D:4)
  3 bats
  2 endoplasms
  3 giant cockroaches
  8 goblins
  11 hobgoblins
  3 kobolds
  4 quokkas
  5 ball pythons
  A frilled lizard (D:3)
  2 rats (D:1)
79 creatures vanquished.

Vanquished Creatures (collateral kills)
  A ball python (D:4)
1 creature vanquished.

Vanquished Creatures (others)
  An orc wizard (D:4)
1 creature vanquished.

Grand Total: 81 creatures vanquished

Notes
Turn   | Place    | Note
-------+----------+-------------------------------------------
     0 | D:1      | pokeman the Deep Elf Hedge Wizard began the quest for the
                  | Orb.
     0 | D:1      | Reached XP level 1. HP: 10/10 MP: 7/7
   308 | D:1      | Reached XP level 2. HP: 16/16 MP: 5/9
   906 | D:1      | Reached skill level 5 in Spellcasting
  1142 | D:2      | Reached XP level 3. HP: 20/20 MP: 6/11
  1146 | D:2      | Learned a level 3 spell: Mephitic Cloud
  1149 | D:2      | Learned a level 2 spell: Blink
  1152 | D:2      | Learned a level 2 spell: Call Imp
  1208 | D:2      | Identified the +2 robe "Paurphudo" {*Slow rElec Regen+
                  | Slay+2}
  1221 | D:2      | Found a faded altar of an unknown god.
  1644 | D:3      | Found an ornate altar of the Wu Jian Council.
  1661 | D:3      | Found a white marble altar of Elyvilon.
  1661 | D:3      | Found a broken altar of Ashenzari.
  1661 | D:3      | Found a bloodstained altar of Trog.
  1665 | D:3      | Found a glowing silver altar of Zin.
  1737 | D:3      | Reached skill level 1 in Fighting
  1737 | D:3      | Reached skill level 1 in Armour
  1737 | D:3      | Upgraded the game from 0.31-a0-875-g02e7d12df6 to
                  | 0.31-a0-876-gfe8ebadbca
  1742 | D:3      | Reached XP level 4. HP: 16/25 MP: 0/13
  1900 | D:3      | Found an iron altar of Okawaru.
  2583 | D:4      | Reached skill level 6 in Spellcasting
  2583 | D:4      | Reached XP level 5. HP: 29/29 MP: 6/15
  2744 | D:4      | Found Rasorgho's Distillery.
  2883 | D:4      | Reached skill level 1 in Poison Magic
  3104 | D:4      | Noticed Natasha
  3141 | D:4      | Killed Natasha
  3142 | D:4      | Reached skill level 1 in Air Magic
  3142 | D:4      | Reached XP level 6. HP: 34/34 MP: 10/17
  3292 | D:4      | Found a sparkling altar of Nemelex Xobeh.
  3554 | D:4      | Noticed Natasha
  3589 | D:4      | Killed Natasha
  3590 | D:4      | Reached skill level 7 in Spellcasting
  3616 | D:4      | Bought a potion of heal wounds for 65 gold pieces
  3616 | D:4      | Bought a potion of curing for 39 gold pieces
  3616 | D:4      | Bought a potion of curing for 39 gold pieces
  3616 | D:4      | Bought a potion of curing for 39 gold pieces
  3696 | D:5      | Entered Level 5 of the Dungeon
  3792 | D:5      | Noticed Grinder
  3873 | D:5      | Killed Grinder
  3874 | D:5      | Reached skill level 8 in Spellcasting
  3874 | D:5      | Reached XP level 7. HP: 13/40 MP: 9/20
  4048 | D:5      | Noticed Duvessa
  4050 | D:5      | Found a staircase to the Ecumenical Temple.
  4054 | D:5      | Noticed Dowan
  4064 | D:5      | Killed Dowan
  4070 | D:5      | Killed Duvessa
  4100 | D:5      | Reached skill level 9 in Spellcasting
  4143 | Temple   | Entered the Ecumenical Temple
  4168 | Temple   | Became a worshipper of Vehumet
  4205 | D:5      | HP: 2/40 [gnoll/+0 flail[a gnoll sergeant] (3)]
  4205 | D:5      | Slain by a gnoll

Illustrated notes

Levels and vault maps discovered:
D:1:      dpeg_arrival_erosion, layout_loops_ring,
          chequers_serial_rivers_large_a
D:2:      layout_rooms, ebering_ecumenical_altar_abandoned
D:3:      layout_rooms, kennysheep_okawaru_gauntlet, minitemple,
          minmay_misc_feat_encased
D:4:      layout_loops_ring, mainiacjoe_overflow_surrounded_room, serial_shops,
          nicolae_inconvenience_store, uniq_natasha
D:5:      layout_loops_corners, minmay_temple_entry_grid, uniq_duvessa,
          uniq_grinder, uniq_menkaure, uniq_prince_ribbit1
Temple:   chequers_temple_sunken

Skill      XL: |  1  2  3  4  5  6  7 |
---------------+----------------------+-----
Spellcasting   | 5 6 8 9 |  9.1
Fighting       | 1 2 |  2.8
Armour         | 1 |  1.1
Conjurations   | 2 3 4 |  4.6
Stealth        | 3 |  3.0
Dodging        | 3 |  3.0
Poison Magic   | 1 |  1.1
Air Magic      | 1 |  1.0
Summonings     | |  1.1
Translocations | |  1.1

Action                     |  1- 3 |  4- 6 |  7- 9 || total
---------------------------+-------+-------+-------++-------
  Melee: Flail             |     3 |    58 |    31 ||    92
         Punch             |       |     1 |       ||     1
   Cast: Magic Dart        |    75 |    78 |    17 ||   170
         Mephitic Cloud    |     1 |    11 |     8 ||    20
         Call Imp          |       |     7 |       ||     7
         Blink             |       |       |     1 ||     1
   Stab: Confused          |     1 |     2 |     3 ||     6
 Armour: Robe              |     5 |    38 |     6 ||    49
         Leather armour    |       |       |    21 ||    21
  Dodge: Dodged            |    11 |    51 |    32 ||    94

Table legend: (Time is in decaauts)
 A = Elapsed time spent in this place.
 B = Non-inter-level travel time spent in this place.
 C = Inter-level travel time spent in this place.
 D = Time resting spent in this place.
 E = Time spent auto-exploring this place.
 F = Levels seen in this place.
 G = Mean time per level.
                   A        B        C        D        E       F      G
               +--------+--------+--------+--------+--------+-----+--------+
         Total |   4273 |   4113 |    160 |     20 |   3303 |   6 |  712.2 |
       Dungeon |   4222 |   4079 |    143 |     20 |   3303 |   5 |  844.4 |
        Temple |     51 |     34 |     17 |      0 |      0 |   1 |   51.0 |
               +--------+--------+--------+--------+--------+-----+--------+

Top non-repeatable levels by time:
     D:4: 1169 daAuts
     D:1: 1115 daAuts
     D:3: 945 daAuts
     D:2: 507 daAuts
     D:5: 484 daAuts
  Temple: 51 daAuts
